 Dungeon Crawl Stone Soup version 0.23.2-30-g0e89c35649 (webtiles) character file.

Game seed: 10831982425346060837

108 Descartes the Skirmisher (level 5, -1/42 HPs)
             Began as a Formicid Abyssal Knight on June 16, 2019.
             Was a Believer of Lugonu.
             Slain by a gnoll (2 damage)
             ... on level 2 of the Dungeon.
             The game lasted 00:07:27 (1922 turns).

Descartes the Skirmisher (Formicid Abyssal Knight)  Turns: 1922, Time: 00:07:28

Health: -1/42      AC: 10    Str: 18    XL:     5   Next: 12%
Magic:  7/7        EV:  8    Int: 11    God:    Lugonu [**....]
Gold:   90         SH:  0    Dex: 13    Spells: 4/4 levels left

rFire    . . .     SeeInvis +   a - +1 hand axe
rCold    . . .     Gourm    .   (no shield)
rNeg     . . .     Faith    .   d - +0 chain mail
rPois    .         Spirit   .   (helmet unavailable)
rElec    .         Reflect  .   j - +0 cloak
rCorr    .         Harm     .   (no gloves)
MR       .....                  (no boots)
Stlth    ..........             (no amulet)
HPRegen  0.14/turn              h - +3 ring of dexterity
MPRegen  0.10/turn              (no ring)

@: no status effects
A: permanent stasis, dig shafts and tunnels, four strong arms, antennae 3
a: Dig, Shaft Self, Depart the Abyss, Bend Space, Renounce Religion


You were on level 2 of the Dungeon.
You worshipped Lugonu.
Lugonu was pleased with you.
You were not hungry.

You visited 1 branch of the dungeon, and saw 2 of its levels.
You visited the Abyss 1 time.

You collected 90 gold pieces.

Inventory:

Hand Weapons
 a - a +1 hand axe (weapon)
 b - a +0 hunting sling
Missiles
 p - 23 sling bullets
 r - 6 stones (quivered)
 s - 15 poisoned needles
Armour
 d - a +0 chain mail (worn)
 j - a +0 cloak (worn)
 o - a +0 leather armour
Jewellery
 h - a +3 ring of dexterity (left hand)
Scrolls
 e - a scroll of random uselessness {unknown}
 g - a scroll of identify
 i - a scroll of enchant weapon {unknown}
 m - a scroll of amnesia {unknown}
 q - a scroll of teleportation {unknown}
Potions
 k - 2 potions of cancellation
 l - a potion of flight
 n - 3 potions of curing
Comestibles
 c - 3 rations
 f - 2 chunks of flesh


   Skills:
 + Level 3.8 Fighting
 * Level 3.1 Axes
 + Level 2.7 Armour
 + Level 1.7 Dodging
 + Level 1.7 Stealth
 * Level 2.8 Invocations


You had 4 spell levels left.
You didn't know any spells.
Your spell library was empty.

Dungeon Overview and Level Annotations

Branches:
Dungeon (2/15)

Altars:
Trog


Innate Abilities, Weirdness & Mutations

You cannot be hasted, slowed, berserked, paralysed or teleported.
You can dig through walls and to a lower floor.
Your four strong arms can wield two-handed weapons with a shield.
You have a pair of large antennae on your head. (SInv)


Message History

You see here a throwing net.
You tear a large gash into the net.
The rat bites you.
* * * LOW HITPOINT WARNING * * *
The gnoll hits you.
* * * LOW HITPOINT WARNING * * *
You struggle against the net.
The rat bites you.
* * * LOW HITPOINT WARNING * * *
The gnoll barely misses you. x2
Okay, then.
You shred the net and break free! The rat bites you but does no damage.
The gnoll hits you but does no damage. The rat bites you but does no damage.
The gnoll hits you but does no damage. The rat bites you but does no damage.
You don't have enough health at the moment.
Are you sure you want to shaft yourself?
You feel somewhat more hungry. The rat bites you.
* * * LOW HITPOINT WARNING * * *
You begin to dig a shaft.
You continue digging a shaft.
The rat closely misses you. The gnoll hits you.
You die...

######## ########
......#
#......#{......#
+......+ ......###
#....%.# #........
+......###......##
#.g....<..........
#@rg.......#.##...
####+#........#...
#.....#..#...
#######..#...
.............
.####.#...... {
#.#.#....
#.#.#.### #.#.#.#
.


You could see 2 gnolls and a rat.

Vanquished Creatures
  2 gnolls (D:2)
  2 adders (D:2)
  A worm (D:2)
  5 dart slugs (D:1)
  4 leopard geckos
  A ball python (D:2)
  6 bats
  2 giant cockroaches (D:1)
  7 goblins
  6 hobgoblins
  3 jackals (D:1)
  5 frilled lizards
  7 kobolds
  2 rats
53 creatures vanquished.

Notes
Turn   | Place    | Note
-------+----------+-------------------------------------------
     0 | Abyss:1  | Descartes the Formicid Abyssal Knight began the quest for
                  | the Orb.
     0 | Abyss:1  | Reached XP level 1. HP: 18/18 MP: 2/2
    50 | Abyss:1  | Found a corrupted altar of Lugonu.
    63 | D:1      | Escaped the Abyss
   175 | D:1      | Reached skill level 1 in Dodging
   299 | D:1      | Reached XP level 2. HP: 14/24 MP: 3/3
   478 | D:1      | Reached XP level 3. HP: 22/29 MP: 4/4
   669 | D:1      | Reached skill level 1 in Stealth
   899 | D:1      | Reached ** piety under Lugonu
  1172 | D:2      | Reached XP level 4. HP: 30/36 MP: 5/5
  1509 | D:2      | Found a bloodstained altar of Trog.
  1831 | D:2      | Reached XP level 5. HP: 41/42 MP: 5/7
  1911 | D:2      | HP: 1/42 [gnoll (2)]
  1921 | D:2      | HP: 1/42 [rat (1)]
  1922 | D:2      | Slain by a gnoll

Skill      XL: |  1  2  3  4 |
---------------+-------------+-----
Dodging        | 1 |  1.7
Stealth        | 1 |  1.7
Axes           | 3 |  3.1
Fighting       | |  3.8
Armour         | |  2.7
Invocations    | |  2.8

Action                   |  1- 3 |  4- 6 || total
-------------------------+-------+-------++-------
Melee: Hand axe          |   101 |    81 ||   182
 Abil: Dig               |     4 |     2 ||     6
       Shaft Self        |       |     1 ||     1
  Use: Scroll            |     3 |       ||     3
  Eat: Chunk             |     1 |     3 ||     4
Armor: Chain mail        |    76 |    68 ||   144
Dodge: Dodged            |    58 |    55 ||   113
